 Dungeon Crawl Stone Soup version 0.30.1-9-gdf580d7c3d (webtiles) character file.

Game seed: 5605469548405337745

578 kebabshishkebab the Poker (level 7, -1/61 HPs)
             Began as a Minotaur Berserker on Sept 26, 2023.
             Was a Priest of Trog.
             Slain by a water moccasin (4 damage)
             ... on level 5 of the Dungeon on Oct 3, 2023.
             The game lasted 00:26:44 (2856 turns).

kebabshishkebab the Poker (Minotaur Berserker)      Turns: 2856, Time: 00:26:45

Health: -1/61      AC: 12    Str: 23      XL:     7   Next: 13%
Magic:  6/6        EV:  7    Int:  8      God:    Trog [***...]
Gold:   234        SH:  0    Dex:  7 (8)  Spells: 6/6 levels left

rFire   . . .        A - +6 dire flail (holy)
rCold   . . .        (shield currently unavailable)
rNeg    . . .        e - +0 plate armour
rPois   .            (helmet restricted)
rElec   .            (no cloak)
rCorr   +            (no gloves)
SInv    .            (no boots)
Will    +....        (no amulet) Stlth
                     h - ring of resist corrosion
HPRegen 0.30/turn    (no ring)
MPRegen 0.10/turn

%: random rage (3%)
@: lethally poisoned (-1 -> -18)
A: horns 2, retaliatory headbutt, berserk 1, clever 1, strong-willed 1,
MP-powered wands
a: Renounce Religion, Berserk, Trog's Hand


You were on level 5 of the Dungeon.
You worshipped Trog.
Trog was most pleased with you.
You visited 1 branch of the dungeon, and saw 5 of its levels.

You collected 234 gold pieces.

Inventory:

Hand Weapons
 a - a +1 spear
 d - a +0 whip
 n - a +0 hand axe
 A - a +6 dire flail of holy wrath (weapon)
Missiles
 c - 23 stones
Armour
 b - a +0 animal skin
 e - a +0 plate armour (worn)
 k - a +0 ring mail
 r - a +0 ring mail
 B - a +0 chain mail
Magical Staves
 t - the staff of conjuration "Dikywim" {Str-5 Dex+5}
   (You found it on level 2 of the Dungeon)

   [staff of conjuration]

   Base accuracy: +5 Base damage: 5 Base attack delay: 1.2 This weapon's minimum
   attack delay (0.6) is reached at skill level 12.
   Str:       It affects your strength (-5).
   Dex:       It affects your dexterity (+5).
   It falls into the 'Staves' category.
   It is a one-handed weapon.
   Trog disapproves of the use of such an item.
 x - a staff of cold
Jewellery
 h - a ring of resist corrosion (left hand)
Wands
 y - a wand of flame (15)
Scrolls
 g - a scroll of teleportation
 j - a scroll of enchant weapon (quivered)
 l - a scroll of poison
 m - 2 scrolls of fear
 o - a scroll of vulnerability {unknown}
 p - a scroll of enchant armour {unknown}
 s - a scroll of noise {unknown}
 v - a scroll of blinking {unknown}
 E - a scroll of acquirement {unknown}
Potions
 f - 2 potions of resistance
 i - 2 potions of mutation
 u - 3 potions of lignification


   Skills:
 + Level 5.2 Fighting
 + Level 3.0 Maces & Flails
 + Level 6.1 Polearms
 + Level 5.7 Armour
 + Level 2.8 Dodging
 + Level 0.6 Stealth
 + Level 0.1 Evocations


You had 6 spell levels left.
You didn't know any spells.
Your spell library contained the following spells:

 Spells                   Type           Power      Damage    Failure   Level
 Ensorcelled Hibernation  Hex/Ice        0%         N/A       100%        2
 Passwall                 Tmut/Erth      0%         N/A       100%        2
 Swiftness                Air            0%         N/A       100%        3


Dungeon Overview and Level Annotations

Branches:
Dungeon (5/15)
 Temple: D:4-7

Altars:
Makhleb
Ru

Annotations:
D:5 1 transporter


Innate Abilities, Weirdness & Mutations

You have a pair of horns on your head.
You reflexively headbutt those who attack you in melee.
You sometimes lose your temper in combat.
Your mind is acute. (Int +4, Str/Dex -1)
You are strong-willed. (Will+)
You expend magic power (3 MP) to strengthen your wands.


Message History

The ice beast freezes you!
* * * LOW HITPOINT WARNING * * *
The ice beast completely misses you. You furiously retaliate!
You headbutt the ice beast!
You kill the ice beast!
Trog accepts your kill.
You feel your intelligence returning.
Your Maces & Flails skill increases to level 3!
You have reached level 7!
As you read the scroll of teleportation, it crumbles to dust.
You feel strangely unstable. The ice beast barely misses you.
Unknown command.
You barely miss the ice beast.
Your surroundings suddenly seem different.
A water moccasin, an ogre, an orc and an orc wizard come into view.
The water moccasin hisses angrily.
The ogre shouts!
The orc shouts!
The orc wizard shouts!
You hear a shout!
The orc wizard gestures wildly while chanting.
The orc wizard flickers and vanishes!
Deactivating autopickup; reactivate with Ctrl-A.
The orc falls through a shaft!
The shaft crumbles and collapses.
The ogre falls through a shaft!
The shaft crumbles and collapses.
You sock the water moccasin!
The water moccasin is moderately wounded.
The water moccasin bites you but does no damage.
You miss the water moccasin.
Your headbutt misses the water moccasin.
The water moccasin is moderately wounded.
The water moccasin bites you but does no damage. x2
You sock the water moccasin!
Your headbutt misses the water moccasin.
The water moccasin is severely wounded.
The water moccasin bites you.
* * * LOW HITPOINT WARNING * * *
You are lethally poisoned!
The water moccasin poisons you! Something hits you but does no damage.
The water moccasin attacks as you move away!
The water moccasin bites you.
You die...

^...^....^...##
..............#
..............#
.......^......#
.....^^.^....#
...^.^.......#
.^..........#
......{S....#
.......@...##
..........##
........###
........#
#...##### #...
... .#


You could see a water moccasin.

Vanquished Creatures
  Edmund (D:4)
  2 ice beasts (D:5)
  A howler monkey (D:4)
  A hound (D:4)
  An orc priest (D:4)
  An orc wizard (D:4)
  7 adders
  2 white imps
  2 worms
  4 dart slugs
  3 orcs (D:4)
  10 ball pythons
  7 bats
  5 endoplasms
  2 giant cockroaches (D:2)
  5 goblins
  8 hobgoblins
  A jackal (D:3)
  3 quokkas
  A frilled lizard (D:1)
  6 kobolds
  8 rats
81 creatures vanquished.

Notes
Turn   | Place    | Note
-------+----------+-------------------------------------------
     0 | D:1      | kebabshishkebab the Minotaur Berserker began the quest for
                  | the Orb.
     0 | D:1      | Reached XP level 1. HP: 19/19 MP: 0/0
   147 | D:1      | Reached XP level 2. HP: 22/27 MP: 1/1
   148 | D:1      | Reached skill level 4 in Polearms
   647 | D:2      | Found a burning altar of Makhleb.
   672 | D:2      | Reached XP level 3. HP: 33/33 MP: 2/2
   739 | D:2      | Reached ** piety under Trog
   957 | D:2      | Identified the staff of conjuration "Dikywim" {Str-5 Dex+5}
  1233 | D:3      | Reached XP level 4. HP: 22/41 MP: 3/3
  1449 | D:3      | Gained mutation: You sometimes lose your temper in combat.
                  | [potion of mutation]
  1449 | D:3      | Gained mutation: You have hidden genetic potential. [potion
                  | of mutation]
  1449 | D:3      | Gained mutation: You expend magic power (3 MP) to
                  | strengthen your wands. [potion of mutation]
  1737 | D:3      | Reached skill level 5 in Polearms
  1840 | D:4      | Noticed Edmund
  1851 | D:4      | Killed Edmund
  1852 | D:4      | Reached XP level 5. HP: 47/47 MP: 4/4
  1862 | D:4      | Gained mutation: Your mind is acute. (Int +4, Str/Dex -1)
                  | [hidden potential]
  1884 | D:4      | HP: 2/47 [poisoned by an orc wizard]
  1888 | D:4      | Reached XP level 6. HP: 5/55 MP: 5/5
  2206 | D:4      | Reached skill level 5 in Armour
  2207 | D:4      | Reached skill level 6 in Polearms
  2293 | D:4      | Reached skill level 1 in Maces & Flails
  2293 | D:4      | Gained mutation: You are strong-willed. (Will+) [hidden
                  | potential]
  2293 | D:4      | Lost mutation: You have hidden genetic potential. [hidden
                  | potential expressed]
  2349 | D:4      | Reached *** piety under Trog
  2677 | D:5      | Entered Level 5 of the Dungeon
  2763 | D:5      | Found a transporter.
  2766 | D:5      | Found a sacrificial altar of Ru.
  2838 | D:5      | Found a transporter.
  2838 | D:5      | Noticed an ice beast
  2838 | D:5      | Noticed an ice beast
  2841 | D:5      | Killed an ice beast
  2842 | D:5      | Reached skill level 5 in Fighting
  2842 | D:5      | Noticed an ice beast
  2847 | D:5      | HP: 2/56 [ice beast (14)]
  2847 | D:5      | Killed an ice beast
  2848 | D:5      | Reached XP level 7. HP: 2/61 MP: 6/6
  2855 | D:5      | HP: 3/61 [water moccasin (2)]
  2856 | D:5      | Slain by a water moccasin

Illustrated notes

Levels and vault maps discovered:
D:1:      psy_arrival_dodecagon, layout_loops_cross
D:2:      layout_basic, basic_altar, amethyst_killhole
D:3:      layout_basic, minmay_unequal
D:4:      layout_basic, uniq_edmund
D:5:      gammafunk_cloud_chamber, layout_cave_pools,
          nicolae_sif_muna_condensation, mainiacjoe_overflow_small_starburst,
          temple_pool_b, minmay_holes, kennysheep_nondescript

Skill      XL: |  1  2  3  4  5  6 |
---------------+-------------------+-----
Polearms       | 4 5 6 |  6.1
Fighting       | 4 5 |  5.2
Armour         | 3 4 5 |  5.7
Maces & Flails | 3 |  3.0
Dodging        | |  2.8
Stealth        | |  0.6
Evocations     | |  0.1

Action                     |  1- 3 |  4- 6 |  7- 9 || total
---------------------------+-------+-------+-------++-------
  Melee: Spear             |   102 |    46 |       ||   148
         Headbutt          |    16 |    15 |       ||    31
         Punch             |     2 |       |       ||     2
         Staff             |     1 |       |       ||     1
         Dire flail        |       |    55 |     4 ||    59
 Invoke: Berserk           |       |     2 |       ||     2
         Trog's Hand       |       |     1 |       ||     1
  Evoke: Wand              |       |     2 |       ||     2
    Use: Potion            |     1 |     9 |       ||    10
         Scroll            |       |     6 |     1 ||     7
   Stab: Invisible         |     1 |       |       ||     1
 Armour: Animal skin       |     1 |       |       ||     1
         Plate armour      |    58 |    78 |     4 ||   140
  Dodge: Dodged            |    48 |    44 |     1 ||    93
